 Dungeon Crawl Stone Soup version 0.27-a0-828-g8289197e94 (webtiles) character file.

Game seed: 1005187686025012292

126 funkygono the Magician (level 5, -8/35 HPs)
             Began as a Djinni Fire Elementalist on Mar 31, 2021.
             Mangled by an ogre
             ... wielding a +0 giant spiked club
              (35 damage)
             ... on level 4 of the Dungeon.
             The game lasted 00:06:07 (4118 turns).

funkygono the Magician (Djinni Fire Elementalist)   Turns: 4118, Time: 00:06:08

Health: -8/35      AC:  2    Str:  7    XL:     5   Next: 9%
Gold:   111        EV: 13    Int: 18    God:
                   SH:  0    Dex: 19

rFire    + + .     SeeInvis .   b - +0 dagger
rCold    x . .     Faith    .   (no shield)
rNeg     . . .     Spirit   .   a - +0 robe
rPois    ∞         Reflect  .   (no helmet)
rElec    .         Harm     .   (no cloak)
rCorr    .         Rampage  .   (no gloves)
Will     .....                  (boots unavailable)
Stlth    ++........             (no amulet)
HPRegen  0.11/turn              d - +6 ring of dexterity
MPRegen  0.00/turn              (no ring)

@: flying
A: fire resistance 2, cold vulnerability 1, float, innate caster, hp casting,
extra vitality 1
a: no special abilities


You were on level 4 of the Dungeon.
You visited 1 branch of the dungeon, and saw 4 of its levels.

You collected 111 gold pieces.

Inventory:

Hand Weapons
 b - a +0 dagger (weapon)
Armour
 a - a +0 robe (worn)
 g - a +0 leather armour
Jewellery
 d - a +6 ring of dexterity (left hand)
Wands
 f - a wand of paralysis (10)
Scrolls
 i - 2 scrolls of teleportation
Potions
 c - a potion of brilliance
 e - a potion of lignification
 j - 2 potions of curing {unknown}
 l - a potion of mutation {unknown}


   Skills:
 * Level 2.7 Dodging
 - Level 1.5 Stealth
 * Level 4.6 Spellcasting


You couldn't memorise any spells.
You knew the following spells:

 Your Spells              Type           Power      Damage    Failure   Level
a - Foxfire               Conj/Fire      80%        2x1d8     1%          1
b - Conjure Flame         Conj/Fire      20%        6-21      6%          3
c - Inner Flame           Hex/Fire       20%        N/A       6%          3
d - Sticky Flame          Conj/Fire      20%        2d4       21%         4
e - Fireball              Conj/Fire      10%        3d6       50%         5
f - Animate Skeleton      Necr           40%        N/A       1%          1
g - Searing Ray           Conj           40%        3d4       3%          2
Your spell library was empty.

Dungeon Overview and Level Annotations

Branches:
Dungeon (4/15)
 Temple: D:4-7

Altars:
Nemelex Xobeh

Shops:
D:3 [


Innate Abilities, Weirdness & Mutations

You are immune to poison.
Your flesh is very heat resistant. (rF++)
You are vulnerable to cold. (rC-)
You float through the air rather than walking.
You learn spells naturally, not from books.
Your magical power is your life essence.
You have superior vitality. (+4 HP)


Message History

The giant cockroach is heavily wounded.
The giant cockroach is engulfed in a cloud of scalding steam.
You kill the giant cockroach!
The portal is a mimic!
The portal mimic snickers and vanishes in a puff of smoke!
Your magical contamination has completely faded away.
You can't go down here!
Unknown command.
You can't go up here!
You can't go down here!
Found 18 stones. 2 ogres come into view.
The ogre shouts!
There are monsters nearby!
The ogre shouts!
Casting: Foxfire (safe; 1% risk of failure)
Confirm with . or Enter, or press ? or * to list all spells.
You conjure some foxfire!
A bullfrog comes into view.
Casting: Foxfire (safe; 1% risk of failure)
Confirm with . or Enter, or press ? or * to list all spells.
You conjure some foxfire!
The foxfire hits the ogre.
The ogre is lightly wounded.
The foxfire hits the ogre.
The ogre is lightly wounded.
Your foxfire dissipates!
The foxfire hits the ogre but does no damage.
The ogre is lightly wounded.
An adder comes into view.
The adder hisses angrily.
Casting: Foxfire (safe; 1% risk of failure)
Confirm with . or Enter, or press ? or * to list all spells.
You conjure some foxfire!
Casting: Foxfire (safe; 1% risk of failure)
Confirm with . or Enter, or press ? or * to list all spells.
You conjure some foxfire!
The ogre hits you with a +0 giant spiked club!!
Ouch! That really hurt!
You die...

...#....###..#≈≈≈#
.......<.....#≈≈≈#
.......####..#≈.≈#
###.... ...#≈≈≈#
....... #≈≈≈#
###.... #≈≈≈#
###.. ..# #≈≈≈#
#.# .....#v§v# #.
#....§@v#
#....v#O#
##....#F..#
#....###O# #....
... #.... ...
#.... (.... #....
.... ....


You could see 2 ogres and a bullfrog.

Vanquished Creatures
  4 adders
  A worm (D:3)
  A dart slug (D:3)
  An orc (D:3)
  4 ball pythons
  5 endoplasms
  6 giant cockroaches
  6 goblins
  11 hobgoblins
  9 jackals
  6 quokkas
  4 bats
  3 frilled lizards (D:1)
  5 kobolds
  9 rats
75 creatures vanquished.

Vanquished Creatures (collateral kills)
  An endoplasm (D:2)
1 creature vanquished.

Vanquished Creatures (others)
  196 foxfires
196 creatures vanquished.

Grand Total: 272 creatures vanquished

Notes
Turn   | Place    | Note
-------+----------+-------------------------------------------
     0 | D:1      | funkygono the Djinni Fire Elementalist began the quest for
                  | the Orb.
     0 | D:1      | Reached XP level 1. HP: 15/15 MP: 0/0
   315 | D:1      | Reached skill level 3 in Spellcasting
   316 | D:1      | Reached XP level 2. HP: 9/21 MP: 0/0
   978 | D:1      | Reached XP level 3. HP: 22/25 MP: 0/0
   978 | D:1      | Learned a level 1 spell: Animate Skeleton
  1606 | D:2      | Found a sparkling altar of Nemelex Xobeh.
  2415 | D:2      | Reached skill level 4 in Spellcasting
  2415 | D:2      | Reached XP level 4. HP: 27/31 MP: 0/0
  3043 | D:3      | Found a faded altar of an unknown god.
  3492 | D:3      | Found Borask's Antique Armour Boutique.
  3677 | D:3      | Reached XP level 5. HP: 33/35 MP: 0/0
  3677 | D:3      | Learned a level 2 spell: Searing Ray
  4088 | D:4      | Found a glowing drain.
  4111 | D:4      | Noticed an ogre
  4111 | D:4      | Noticed an ogre
  4118 | D:4      | Mangled by an ogre

Illustrated notes

Levels and vault maps discovered:
D:1:      dpeg_arrival_circle_labyrinth_a, layout_basic
D:2:      minmay_diamond_boxcup, layout_basic, minmay_misc_feat_four_crosses,
          nemelex_spade_bored_becter
D:3:      layout_loops_ring, chequers_ecumenical_altar_simple, serial_shops,
          nicolae_shop_stone, nicolae_underground_beach
D:4:      layout_basic, lemuel_coloured_pillars_altar,
          nicolae_overflow_hidden_temple, gammafunk_temple_overflow_wave,
          portal_sewer_entry_f, nicolae_gozag_seed_capital

Skill      XL: |  1  2  3 |
---------------+----------+-----
Spellcasting   | 3 4 |  4.6
Dodging        | |  2.7
Stealth        | |  1.5

Action                   |  1- 3 |  4- 6 || total
-------------------------+-------+-------++-------
Melee: Dagger            |     1 |       ||     1
 Cast: Foxfire           |    59 |    64 ||   123
       Animate Skeleton  |     9 |    11 ||    20
  Use: Scroll            |     1 |     5 ||     6
Armor: Robe              |     2 |     4 ||     6
Dodge: Dodged            |    19 |    23 ||    42

Table legend: (Time is in decaauts)
 A = Elapsed time spent in this place.
 B = Non-inter-level travel time spent in this place.
 C = Inter-level travel time spent in this place.
 D = Time resting spent in this place.
 E = Time spent auto-exploring this place.
 F = Levels seen in this place.
 G = Mean time per level.
                   A        B        C        D        E       F      G
               +--------+--------+--------+--------+--------+-----+--------+
         Total |   4116 |   3997 |    119 |     38 |   3471 |   4 | 1029.0 |
       Dungeon |   4116 |   3997 |    119 |     38 |   3471 |   4 | 1029.0 |
               +--------+--------+--------+--------+--------+-----+--------+

Top non-repeatable levels by time:
     D:2: 1580 daAuts
     D:1: 1370 daAuts
     D:3: 1119 daAuts
     D:4: 45 daAuts
